MLB
ATLANTA BRAVES @ CHICAGO CUBS
06/10/2044
 
TOP OF THE 1ST
Atlanta Braves batting - Pitching for Chicago Cubs : LHP Unkei Wakamatsu
Pitching: LHP Unkei Wakamatsu
Batting: RHB Itsuo Egami 0-0: Ball
1-0: Ball
2-0: Called Strike
2-1: Ball
3-1: Fly out, F7 (Flyball, 7, EV 96.3 MPH)
Batting: RHB Butch Kaiser 0-0: Ball
1-0: Ball
2-0: Ball
3-0: Called Strike
3-1: Called Strike
3-2: Base on Balls
Batting: RHB Reilly Hawkins 0-0: Ball
1-0: Fly out, F7 (Line Drive, 7D, EV 91.3 MPH)
Batting: RHB Danny Anderson 0-0: Called Strike
0-1: Swinging Strike
0-2: Strikes out swinging
Top of the 1st over - 0 runs, 0 hits, 0 errors, 1 left on base; Atlanta 0 - Chicago 0
BOTTOM OF THE 1ST
Chicago Cubs batting - Pitching for Atlanta Braves : LHP Joe Testa
Pitching: LHP Joe Testa
Batting: RHB Yasuhide Kasahara 0-0: Ball
1-0: Foul Ball, location: 2F
1-1: Foul Ball, location: 2F
1-2: SINGLE (Groundball, 6MS, EV 77.5 MPH) (infield hit)
Batting: LHB Kevin Norton 0-0: Ball
1-0: Ball
2-0: Called Strike
2-1: Ball
3-1: Base on Balls
Yasuhide Kasahara to second
Batting: RHB Efrain Vargas 0-0: Ball
1-0: Swinging Strike
1-1: Fielders Choice at 2nd, 6-4 (Groundball, 56, EV 106.9 MPH)
Yasuhide Kasahara to third
Batting: SHB Terry Tuckfard 0-0: Ball
1-0: Ball
2-0: Called Strike
2-1: Called Strike
2-2: Strikes out looking
Batting: RHB Josh Kalman 0-0: Foul Ball, location: 2F
0-1: Foul Ball, location: 2F
0-2: Ball
1-2: Ball
2-2: SINGLE (Flyball, 6D, EV 86.9 MPH)
Yasuhide Kasahara scores
Efrain Vargas to second
Batting: RHB Elijah Campbell 0-0: Called Strike
0-1: Ball
1-1: Ball
2-1: Ball
3-1: Base on Balls
Efrain Vargas to third
Josh Kalman to second
Batting: RHB Will Leslie 0-0: Ball
1-0: Fielders Choice at 2nd, 6-4 (Groundball, 6, EV 84.4 MPH)
Bottom of the 1st over - 1 run, 2 hits, 0 errors, 3 left on base; Atlanta 0 - Chicago 1
TOP OF THE 2ND
Atlanta Braves batting - Pitching for Chicago Cubs : LHP Unkei Wakamatsu
Batting: RHB Francisco Hernandez 0-0: Swinging Strike
0-1: Ground out 2-3 (Groundball, 2L, EV 65.6 MPH)
Batting: RHB Danny Miramontes 0-0: Ball
1-0: Called Strike
1-1: Called Strike
1-2: Strikes out looking
Batting: RHB Liangde Li 0-0: Called Strike
0-1: SINGLE (Line Drive, 4M, EV 94.4 MPH)
Batting: RHB John Creel 0-0: Called Strike
Liangde Li is caught stealing 2nd base 2-4
Top of the 2nd over - 0 runs, 1 hit, 0 errors, 0 left on base; Atlanta 0 - Chicago 1
BOTTOM OF THE 2ND
Chicago Cubs batting - Pitching for Atlanta Braves : LHP Joe Testa
Batting: RHB Andy Wasierski 0-0: Foul Ball, location: 2F
0-1: Swinging Strike
0-2: Ball
1-2: Strikes out looking
Batting: RHB Jamie Ogilvie 0-0: Ball
1-0: Fly out, F9 (Flyball, 89S, EV 78.1 MPH)
Batting: RHB Yasuhide Kasahara 0-0: SINGLE (Line Drive, 78S, EV 86.3 MPH)
Batting: LHB Kevin Norton 0-0: Ball
1-0: Ball
2-0: Called Strike
2-1: Fly out, F3 (Popup, 34, EV 66.3 MPH)
Bottom of the 2nd over - 0 runs, 1 hit, 0 errors, 1 left on base; Atlanta 0 - Chicago 1
TOP OF THE 3RD
Atlanta Braves batting - Pitching for Chicago Cubs : LHP Unkei Wakamatsu
Batting: RHB John Creel 0-0: Ball
1-0: Ball
2-0: Foul Ball, location: 2F
2-1: Swinging Strike
2-2: Foul Ball, location: 2F
2-2: Ground out 4-3 (Groundball, 4, EV 83.8 MPH)
Batting: LHB Colin Worthington 0-0: Called Strike
0-1: Ball
1-1: Ball
2-1: Swinging Strike
2-2: Ball
3-2: Foul Ball, location: 2F
3-2: Foul Ball, location: 2F
3-2: Strikes out looking
Batting: RHB Itsuo Egami 0-0: Foul Ball, location: 2F
0-1: Ball
1-1: Foul Ball, location: 2F
1-2: Fly out, F8 (Flyball, 78M, EV 88.8 MPH)
Top of the 3rd over - 0 runs, 0 hits, 0 errors, 0 left on base; Atlanta 0 - Chicago 1
BOTTOM OF THE 3RD
Chicago Cubs batting - Pitching for Atlanta Braves : LHP Joe Testa
Batting: RHB Efrain Vargas 0-0: Ball
1-0: Ball
2-0: Called Strike
2-1: Fly out, F6 (Popup, 6MS, EV 76.9 MPH)
Batting: SHB Terry Tuckfard 0-0: Ball
1-0: Ground out 6-3 (Groundball, 6, EV 81.9 MPH)
Batting: RHB Josh Kalman 0-0: Foul Ball, location: 2F
0-1: Foul Ball, location: 2F
0-2: Ball
1-2: SOLO HOME RUN (Flyball, 7LD, EV 100.0 MPH), Distance : 390 ft
Batting: RHB Elijah Campbell 0-0: Fly out, F8 (Flyball, 8RXD, EV 106.3 MPH)
Bottom of the 3rd over - 1 run, 1 hit, 0 errors, 0 left on base; Atlanta 0 - Chicago 2
TOP OF THE 4TH
Atlanta Braves batting - Pitching for Chicago Cubs : LHP Unkei Wakamatsu
Batting: RHB Butch Kaiser 0-0: Foul Ball, location: 2F
0-1: Ball
1-1: Ball
2-1: Swinging Strike
2-2: Strikes out swinging
Batting: RHB Reilly Hawkins 0-0: Ball
1-0: Ball
2-0: Ball
3-0: Called Strike
3-1: Base on Balls
Batting: RHB Danny Anderson 0-0: Called Strike
0-1: Ball
1-1: Called Strike
1-2: SINGLE (Groundball, 4M, EV 108.1 MPH) (infield hit)
Reilly Hawkins to second
Batting: RHB Francisco Hernandez 0-0: Ball
1-0: Called Strike
1-1: Foul Ball, location: 2F
1-2: Ball
2-2: Fly out, F5 (Popup, 56S, EV 65.0 MPH)
Batting: RHB Danny Miramontes 0-0: Called Strike
0-1: Foul Ball, location: 2F
0-2: Ball
1-2: Foul Ball, location: 2F
1-2: Fly out, F8 (Flyball, 8RD, EV 96.3 MPH)
Top of the 4th over - 0 runs, 1 hit, 0 errors, 2 left on base; Atlanta 0 - Chicago 2
BOTTOM OF THE 4TH
Chicago Cubs batting - Pitching for Atlanta Braves : LHP Joe Testa
Batting: RHB Will Leslie 0-0: Ball
1-0: Foul Ball, location: 2F
1-1: Ball
2-1: Foul Ball, location: 2F
2-2: Ball
3-2: Base on Balls
Batting: RHB Andy Wasierski 0-0: Foul Ball, location: 2F
0-1: Called Strike
0-2: Ball
1-2: Strikes out swinging
Batting: RHB Jamie Ogilvie 0-0: Ball
1-0: 2-RUN HOME RUN (Flyball, 78XD, EV 96.3 MPH), Distance : 385 ft
Batting: RHB Yasuhide Kasahara 0-0: Ball
1-0: Called Strike
1-1: Called Strike
1-2: Ball
2-2: Foul Ball, location: 2F
2-2: Strikes out swinging
Batting: LHB Kevin Norton 0-0: Ball
1-0: Foul Ball, location: 2F
1-1: Swinging Strike
1-2: Ball
2-2: Ball
3-2: Base on Balls
Batting: RHB Efrain Vargas 0-0: Called Strike
Kevin Norton steals 2nd base
0-1: Foul Ball, location: 2F
0-2: Ball
1-2: Fly out, F8 (Flyball, 8RM, EV 91.9 MPH)
Bottom of the 4th over - 2 runs, 1 hit, 0 errors, 1 left on base; Atlanta 0 - Chicago 4
TOP OF THE 5TH
Atlanta Braves batting - Pitching for Chicago Cubs : LHP Unkei Wakamatsu
Batting: RHB Liangde Li 0-0: Fly out, F8 (Line Drive, 8RD, EV 100.0 MPH)
Batting: RHB John Creel 0-0: Called Strike
0-1: Swinging Strike
0-2: Foul Ball, location: 2F
0-2: Ground out 5-3 (Groundball, 15, EV 80.0 MPH)
Batting: LHB Colin Worthington 0-0: Ball
1-0: Ball
2-0: Foul Ball, location: 2F
2-1: Ground out 4-3 (Groundball, 34D, EV 97.5 MPH)
Top of the 5th over - 0 runs, 0 hits, 0 errors, 0 left on base; Atlanta 0 - Chicago 4
BOTTOM OF THE 5TH
Chicago Cubs batting - Pitching for Atlanta Braves : LHP Joe Testa
Batting: SHB Terry Tuckfard 0-0: Swinging Strike
0-1: Called Strike
0-2: Ball
1-2: Foul Ball, location: 2F
1-2: Strikes out swinging
Batting: RHB Josh Kalman 0-0: Called Strike
0-1: Ball
1-1: Foul Ball, location: 2F
1-2: Ground out 5-3 (Groundball, 5, EV 80.0 MPH)
Batting: RHB Elijah Campbell 0-0: Called Strike
0-1: Ball
1-1: Fly out, F9 (Flyball, 9D, EV 109.4 MPH)
Bottom of the 5th over - 0 runs, 0 hits, 0 errors, 0 left on base; Atlanta 0 - Chicago 4
TOP OF THE 6TH
Atlanta Braves batting - Pitching for Chicago Cubs : LHP Unkei Wakamatsu
Batting: RHB Itsuo Egami 0-0: Called Strike
0-1: Called Strike
0-2: Foul Ball, location: 2F
0-2: Ball
1-2: Ground out 6-3 (Groundball, 6, EV 106.9 MPH)
Batting: RHB Butch Kaiser 0-0: Ball
1-0: Fly out, F4 (Popup, 34S, EV 81.9 MPH)
Batting: RHB Reilly Hawkins 0-0: Ball
1-0: Ball
2-0: Fly out, F9 (Flyball, 89M, EV 75.6 MPH)
Top of the 6th over - 0 runs, 0 hits, 0 errors, 0 left on base; Atlanta 0 - Chicago 4
BOTTOM OF THE 6TH
Chicago Cubs batting - Pitching for Atlanta Braves : LHP Joe Testa
Batting: RHB Will Leslie 0-0: Ball
1-0: Swinging Strike
1-1: Ball
2-1: Foul Ball, location: 2F
2-2: Foul Ball, location: 2F
2-2: Foul Ball, location: 2F
2-2: Strikes out looking
Batting: RHB Andy Wasierski 0-0: Called Strike
0-1: Ball
1-1: SINGLE (Line Drive, 8RS, EV 110.6 MPH)
Batting: RHB Jamie Ogilvie 0-0: Ball
1-0: Foul Ball, location: 2F
1-1: Ball
2-1: Ball
Wild Pitch!
Andy Wasierski to second
3-1: Foul Ball, location: 2F
3-2: Foul Ball, location: 2F
3-2: Fly out, F7 (Flyball, 7S, EV 93.1 MPH)
Pitching: RHP Adam Bonawitz
Batting: RHB Yasuhide Kasahara 0-0: Fly out, F7 (Flyball, 7S, EV 86.3 MPH)
Bottom of the 6th over - 0 runs, 1 hit, 0 errors, 1 left on base; Atlanta 0 - Chicago 4
TOP OF THE 7TH
Atlanta Braves batting - Pitching for Chicago Cubs : LHP Unkei Wakamatsu
Batting: RHB Danny Anderson 0-0: Called Strike
0-1: Called Strike
0-2: Ball
1-2: Ball
2-2: Ball
3-2: SINGLE (Groundball, 4MD, EV 107.5 MPH)
Batting: RHB Francisco Hernandez 0-0: Called Strike
0-1: Called Strike
0-2: Ball
1-2: Grounds into double play, 6-4-3 (Groundball, 6, EV 88.8 MPH)
Batting: RHB Danny Miramontes 0-0: Ball
1-0: Foul Ball, location: 2F
1-1: Fly out, F9 (Flyball, 9, EV 84.4 MPH)
Top of the 7th over - 0 runs, 1 hit, 0 errors, 0 left on base; Atlanta 0 - Chicago 4
BOTTOM OF THE 7TH
Chicago Cubs batting - Pitching for Atlanta Braves : RHP Adam Bonawitz
Batting: LHB Kevin Norton 0-0: Ball
1-0: TRIPLE (Line Drive, 89XD, EV 107.5 MPH)
Batting: RHB Efrain Vargas 0-0: Ball
1-0: Ball
2-0: SINGLE (Groundball, 6MD, EV 96.3 MPH)
Kevin Norton scores
Batting: SHB Terry Tuckfard 0-0: Fly out, F7 (Line Drive, 7, EV 96.9 MPH)
Batting: RHB Josh Kalman 0-0: Foul Ball, location: 2F
0-1: Ball
1-1: Ball
2-1: Ball
3-1: Swinging Strike
3-2: Base on Balls
Efrain Vargas to second
Batting: RHB Elijah Campbell 0-0: Ball
1-0: Ball
2-0: Called Strike
2-1: Grounds into double play, 4-6-3 (Groundball, 4, EV 91.9 MPH)
Bottom of the 7th over - 1 run, 2 hits, 0 errors, 1 left on base; Atlanta 0 - Chicago 5
TOP OF THE 8TH
Atlanta Braves batting - Pitching for Chicago Cubs : LHP Unkei Wakamatsu
Batting: RHB Liangde Li 0-0: Foul Ball, location: 2F
0-1: Called Strike
0-2: Strikes out swinging
Batting: RHB John Creel 0-0: Ball
1-0: Called Strike
1-1: Ball
2-1: Foul Ball, location: 2F
2-2: Foul Ball, location: 2F
2-2: Foul Ball, location: 2F
2-2: Strikes out looking
Batting: LHB Colin Worthington 0-0: Ground out 5-3 (Groundball, 56, EV 85.0 MPH)
Top of the 8th over - 0 runs, 0 hits, 0 errors, 0 left on base; Atlanta 0 - Chicago 5
BOTTOM OF THE 8TH
Chicago Cubs batting - Pitching for Atlanta Braves : RHP Adam Bonawitz
Batting: RHB Will Leslie 0-0: Called Strike
0-1: Foul Ball, location: 2F
0-2: Strikes out swinging
Batting: RHB Andy Wasierski 0-0: Called Strike
0-1: Swinging Strike
0-2: Ground out 6-3 (Groundball, 6D, EV 99.4 MPH)
Batting: RHB Jamie Ogilvie 0-0: Foul Ball, location: 2F
0-1: Foul Ball, location: 2F
0-2: Ball
1-2: Strikes out looking
Bottom of the 8th over - 0 runs, 0 hits, 0 errors, 0 left on base; Atlanta 0 - Chicago 5
TOP OF THE 9TH
Atlanta Braves batting - Pitching for Chicago Cubs : LHP Unkei Wakamatsu
Pitching: LHP Jay Turpin
Batting: RHB Itsuo Egami 0-0: Ball
1-0: Foul Ball, location: 2F
1-1: Ground out 1-3 (Groundball, 15S, EV 65.0 MPH)
Batting: RHB Butch Kaiser 0-0: Ball
1-0: Called Strike
1-1: SINGLE (Line Drive, 34D, EV 98.1 MPH)
Batting: RHB Reilly Hawkins 0-0: Ball
1-0: Grounds into double play, 5-4-3 (Groundball, 56S, EV 83.8 MPH)
Top of the 9th over - 0 runs, 1 hit, 0 errors, 0 left on base; Atlanta 0 - Chicago 5
Thursday, March 31st , 2022 - OOTP Baseball 22.12 Build 89